 Dungeon Crawl Stone Soup version 0.31-a0-4-gefa6de2278 (webtiles) character file.

Game seed: 17932678797048578063

647 Darkkill the Shooter (level 7, -7/61 HPs)
             Began as a Minotaur Hunter on May 4, 2023.
             Mangled by an ogre
             ... wielding a +0 giant club
              (25 damage)
             ... on level 6 of the Dungeon.
             The game lasted 00:02:52 (3704 turns).

Darkkill the Shooter (Minotaur Hunter)              Turns: 3704, Time: 00:02:53

Health: -7/61      AC:  4    Str: 15    XL:     7   Next: 27%
Magic:  6/6        EV: 14    Int:  6    God:
Gold:   205        SH:  0    Dex: 16    Spells: 6/6 levels left

rFire   . . .        a - +1 shortbow
rCold   . . .        (shield currently unavailable)
rNeg    . . .        c - +1 leather armour
rPois   .            p - +0 hat
rElec   .            (no cloak)
rCorr   .            (no gloves)
SInv    .            (no boots)
Will    .....        (no amulet)
Stlth   ++           (no ring)
HPRegen 0.30/turn    (no ring)
MPRegen 0.10/turn

%: no passive effects
@: no status effects
A: horns 2, retaliatory headbutt
a: no special abilities


You were on level 6 of the Dungeon.
You visited 1 branch of the dungeon, and saw 6 of its levels.

You collected 205 gold pieces.

Inventory:

Hand Weapons
 a - a +1 shortbow (weapon)
Missiles
 e - 38 stones
 g - 10 poisoned darts
 v - a boomerang
Armour
 c - a +1 leather armour (worn)
 p - a +0 hat (worn)
Wands
 m - a wand of iceblast (6)
 u - a wand of digging (12)
Scrolls
 b - a scroll of immolation
 l - 2 scrolls of teleportation
 n - 3 scrolls of fog
 q - 3 scrolls of amnesia
Potions
 d - a potion of resistance {unknown}
 h - a potion of curing {@q1}
 i - 3 potions of might
 j - 2 potions of invisibility
 k - a potion of berserk rage {unknown}
 o - 2 potions of lignification
 r - a potion of brilliance
 s - a potion of magic {unknown}
 w - a potion of degeneration {unknown}


   Skills:
 + Level 5.2 Fighting
 + Level 6.1 Ranged Weapons
 + Level 4.8 Dodging
 + Level 3.5 Stealth


You had 6 spell levels left.
You didn't know any spells.
Your spell library contained the following spells:

 Spells                   Type           Power      Damage    Failure   Level
 Hailstorm                Conj/Ice       0%         3d3       88%         3
 Anguish                  Hex/Necr       0%         N/A       99%         4
 Ice Form                 Ice/Tmut       0%         N/A       99%         4
 Simulacrum               Ice/Necr       0%         N/A       100%        6
 Enfeeble                 Hex            0%         N/A       100%        7


Dungeon Overview and Level Annotations

Branches:
Dungeon (6/15)
 Temple: D:4-7

Altars:
Ashenzari
Makhleb

Annotations:
D:5 1 runed translucent door, Crazy Yiuf


Innate Abilities, Weirdness & Mutations

You have a pair of horns on your head.
You reflexively headbutt those who attack you in melee.


Message History

There's something in the way.
Could not explore, unopened runed door.
There's something in the way.
Could not explore, unopened runed door.
There's something in the way.
Could not explore, unopened runed door.
There's something in the way.
Could not explore, unopened runed door.
As you read the scroll of identify {@r1}, it crumbles to dust.
r - a potion of brilliance Crazy Yiuf shouts!
As you read the scroll labelled SEESHR MEBUBB, it crumbles to dust.
Magic quickly surges around you.
It was a scroll of vulnerability.
Things that are here:
a +0 flail; a +0 dagger
There is a stone staircase leading down here.
You climb downwards.
There is a stone staircase leading up here.
You feel your willpower return.
An ogre comes into view. It is wielding a +0 giant club.
You shoot an arrow. The ogre shouts!
The arrow hits the ogre but does no damage.
You hear a bark!
An ogre is nearby!
You shoot an arrow. The arrow hits the ogre.
The ogre is lightly wounded.
You shoot an arrow. The arrow completely misses the ogre.
A hound comes into view.
There are monsters nearby!
You shoot an arrow. The arrow hits the ogre!
The ogre is heavily wounded.
There are monsters nearby!
You shoot an arrow. The arrow barely misses the ogre.
The arrow hits the hound!
The hound is heavily wounded.
The ogre misses you.
There are monsters nearby!
You shoot an arrow. The arrow hits the ogre!
The ogre is almost dead.
The ogre closely misses you. You furiously retaliate!
You headbutt the ogre.
You kill the ogre!
Your Fighting skill increases to level 5!
Your Ranged Weapons skill increases to level 6!
You have reached level 7!
You shoot an arrow. The arrow hits the hound.
The hound is severely wounded.
The hound barely misses you. You furiously retaliate!
You headbutt the hound.
You kill the hound!
Found a dagger.
Unknown command.
No target in view!
An orc priest comes into view. It is wielding a +0 hand axe.
You shoot an arrow. The orc priest shouts!
The arrow hits the orc priest.
The orc priest is moderately wounded.
You hear a shout! x2
An ogre comes into view. It is wielding a +0 giant club.
You shoot an arrow. The arrow barely misses the orc priest.
An orc priest is nearby!
An orc priest is nearby!
You shoot an arrow. The arrow hits the orc priest!
The orc priest is almost dead.
The orc priest barely misses you.
An orc priest is nearby!
You shoot an arrow. The arrow barely misses the orc priest.
The orc priest hits you with a +0 hand axe.
You shoot an arrow. The arrow hits the orc priest!
You kill the orc priest!
An ogre is nearby!
You shoot an arrow. The arrow barely misses the ogre.
The ogre hits you with a +0 giant club!
An ogre is nearby!
You shoot an arrow. The arrow hits the ogre.
The ogre is lightly wounded.
The ogre misses you.
An ogre is nearby!
You shoot an arrow. The arrow barely misses the ogre.
The ogre barely misses you.
An ogre is nearby!
You shoot an arrow. The arrow completely misses the ogre.
The ogre completely misses you.
You shoot an arrow. The arrow hits the ogre.
The ogre is moderately wounded.
The ogre hits you with a +0 giant club!!
You shoot an arrow. The arrow hits the ogre.
The ogre is heavily wounded.
You shoot an arrow. The arrow hits the ogre.
The ogre is heavily wounded.
You hear a shout!
The ogre hits you with a +0 giant club!
* * * LOW HITPOINT WARNING * * *
An orc comes into view. It is wielding a +0 falchion.
You hear a shout!
You feel better. The ogre hits you with a +0 giant club.
* * * LOW HITPOINT WARNING * * *
You feel better.
An orc comes into view. It is wielding a +0 trident.
The ogre hits you with a +0 giant club!!
You die...

#.....##.##.#..#.#
#.....##.##.#..#.#
###.####..≈≈≈≈...#
#.#####....≈.###
#....###≈≈≈≈##
###.....#####.#
........# ###.####
#.###...###......#
..# #.........##@#
#.###.#####.####O#
#.....# #.# .o.
###.### #.# ##.#.
#...# #.# ..#..
#...# #.. ..# ..
#...# ##. .## ...
#...# . o# ...
#.).#


You could see an ogre and 2 orcs.

Vanquished Creatures
  2 ogres
  3 orc priests
  2 hounds
  A jelly (D:5)
  Jessica (D:2)
  An iguana (D:5)
  2 orc wizards (D:5)
  Natasha (D:3)
  3 gnolls (D:5)
  5 adders
  3 worms
  3 dart slugs
  13 orcs
  7 endoplasms
  3 giant cockroaches
  4 hobgoblins
  5 jackals
  A quokka (D:3)
  3 ball pythons
  5 bats
  3 frilled lizards
  4 goblins
  7 kobolds
  4 rats
86 creatures vanquished.

Notes
Turn   | Place    | Note
-------+----------+-------------------------------------------
     0 | D:1      | Darkkill the Minotaur Hunter began the quest for the Orb.
     0 | D:1      | Reached XP level 1. HP: 18/18 MP: 0/0
   390 | D:1      | Reached skill level 1 in Stealth
   479 | D:1      | Reached XP level 2. HP: 24/25 MP: 1/1
   951 | D:2      | Reached XP level 3. HP: 31/31 MP: 2/2
  1068 | D:2      | Noticed Jessica
  1071 | D:2      | Killed Jessica
  1073 | D:2      | Reached XP level 4. HP: 38/38 MP: 3/3
  1852 | D:3      | Found a burning altar of Makhleb.
  1943 | D:3      | Noticed Natasha
  1947 | D:3      | Killed Natasha
  1948 | D:3      | Reached skill level 5 in Ranged Weapons
  2009 | D:3      | Found a broken altar of Ashenzari.
  2203 | D:4      | Noticed an ogre
  2208 | D:4      | Killed an ogre
  2209 | D:4      | Reached XP level 5. HP: 46/46 MP: 4/4
  2769 | D:5      | Entered Level 5 of the Dungeon
  2867 | D:5      | Reached XP level 6. HP: 52/52 MP: 5/5
  3531 | D:5      | Found a runed translucent door.
  3532 | D:5      | Noticed Crazy Yiuf
  3648 | D:6      | Reached skill level 5 in Fighting
  3648 | D:6      | Reached skill level 6 in Ranged Weapons
  3648 | D:6      | Reached XP level 7. HP: 61/61 MP: 6/6
  3702 | D:6      | HP: 9/61 [ogre/+0 giant club (17)]
  3704 | D:6      | Mangled by an ogre

Illustrated notes

Levels and vault maps discovered:
D:1:      lightli_arrival_flooded_house, layout_basic
D:2:      layout_basic, uniq_jessica
D:3:      layout_basic, mainiacjoe_overflow_cross_hatched, ashenzari_altar_1,
          uniq_natasha
D:4:      layout_rooms
D:5:      layout_basic, kennysheep_nondescript, minmay_misc_feat_nine_boxes,
          uniq_crazy_yiuf_cottage
D:6:      layout_loops_cross, grunt_ministairs_7,
          chequers_serial_rivers_micro_d, nicolae_nh_oracle_at_delphi

Skill      XL: |  1  2  3  4  5  6 |
---------------+-------------------+-----
Stealth        | 1 2 3 |  3.5
Fighting       | 3 4 5 |  5.2
Dodging        | 3 4 |  4.8
Ranged Weapons | 5 6 |  6.1

Action                     |  1- 3 |  4- 6 |  7- 9 || total
---------------------------+-------+-------+-------++-------
   Fire: Shortbow          |    75 |   165 |    13 ||   253
    Use: Scroll            |     3 |    12 |       ||    15
         Potion            |     1 |     1 |     2 ||     4
 Armour: Leather armour    |     7 |    11 |       ||    18
  Dodge: Dodged            |    26 |    58 |     5 ||    89

Table legend: (Time is in decaauts)
 A = Elapsed time spent in this place.
 B = Non-inter-level travel time spent in this place.
 C = Inter-level travel time spent in this place.
 D = Time resting spent in this place.
 E = Time spent auto-exploring this place.
 F = Levels seen in this place.
 G = Mean time per level.
                   A        B        C        D        E       F      G
               +--------+--------+--------+--------+--------+-----+--------+
         Total |   3773 |   3716 |     57 |    100 |   3123 |   6 |  628.8 |
       Dungeon |   3773 |   3716 |     57 |    100 |   3123 |   6 |  628.8 |
               +--------+--------+--------+--------+--------+-----+--------+

Top non-repeatable levels by time:
     D:2: 1077 daAuts
     D:5: 804 daAuts
     D:1: 678 daAuts
     D:4: 593 daAuts
     D:3: 464 daAuts
     D:6: 155 daAuts

Levels and vault maps discovered:
D:1:      lightli_arrival_flooded_house, layout_basic
D:2:      layout_basic, uniq_jessica
D:3:      layout_basic, mainiacjoe_overflow_cross_hatched, ashenzari_altar_1,
          uniq_natasha
D:4:      layout_rooms
D:5:      layout_basic, kennysheep_nondescript, minmay_misc_feat_nine_boxes,
          uniq_crazy_yiuf_cottage
D:6:      layout_loops_cross, grunt_ministairs_7,
          chequers_serial_rivers_micro_d, nicolae_nh_oracle_at_delphi

Table legend: (Time is in decaauts)
 A = Elapsed time spent in this place.
 B = Non-inter-level travel time spent in this place.
 C = Inter-level travel time spent in this place.
 D = Time resting spent in this place.
 E = Time spent auto-exploring this place.
 F = Levels seen in this place.
 G = Mean time per level.
                   A        B        C        D        E       F      G
               +--------+--------+--------+--------+--------+-----+--------+
         Total |   3773 |   3716 |     57 |    100 |   3123 |   6 |  628.8 |
       Dungeon |   3773 |   3716 |     57 |    100 |   3123 |   6 |  628.8 |
               +--------+--------+--------+--------+--------+-----+--------+

Top non-repeatable levels by time:
     D:2: 1077 daAuts
     D:5: 804 daAuts
     D:1: 678 daAuts
     D:4: 593 daAuts
     D:3: 464 daAuts
     D:6: 155 daAuts

Table legend:
 A = Kills in this place as a percentage of kills in the entire game.
 B = Kills by you in this place as a percentage of kills by you in the entire game.
 C = Kills by friends in this place as a percentage of kills by friends in the entire game.
 D = Other kills in this place as a percentage of other kills in the entire game.
 E = Experience gained in this place as a percentage of experience gained in the entire game.
 F = Experience gained in this place divided by the number of levels of this place that you have seen.
                   A       B       C       D       E      F
               +-------+-------+-------+-------+-------+----------------------
         Total | 100.0 | 100.0 |   N/A |   N/A | 100.0 | 154.2
       Dungeon | 100.0 | 100.0 |   N/A |   N/A | 100.0 | 154.2
               +-------+-------+-------+-------+-------+----------------------
